 Dungeon Crawl Stone Soup version 0.23.2-33-g5129a83184 (webtiles) character file.

Game seed: 9126289283664558404

1235 Felnil the Shield-Bearer (level 8, 0/61 HPs)
             Began as a Mummy Fighter on Aug 9, 2019.
             Slain by a killer bee zombie (1 damage)
             ... in an ossuary.
             The game lasted 00:18:47 (5895 turns).

Felnil the Shield-Bearer (Mummy Fighter)            Turns: 5895, Time: 00:18:47

Health: 0/61       AC:  9    Str: 22    XL:     8   Next: 24%
Magic:  8/8        EV:  8    Int:  7    God:
Gold:   241        SH: 10    Dex: 11    Spells: 7/7 levels left

rFire    x . .     SeeInvis .   a - +0 rapier
rCold    + . .     Gourm    .   c - +0 shield
rNeg     + + +     Faith    .   b - +0 scale mail
rPois    ∞         Spirit   .   (no helmet)
rElec    .         Reflect  .   (no cloak)
rCorr    .         Harm     .   (no gloves)
MR       +....                  (no boots)
Stlth    ..........             (no amulet)
HPRegen  0.20/turn              h - +2 ring of protection
MPRegen  0.11/turn              (no ring)

@: no status effects
A: no food or potions, fire vulnerability, cold resistance 1, negative energy
resistance 3, torment resistance, unbreathing
a: no special abilities


You were in an ossuary.
You were not hungry.

You visited 1 branch of the dungeon, and saw 5 of its levels.
You also visited: Sewer and Ossuary.

You collected 241 gold pieces.

Inventory:

Hand Weapons
 a - a +0 rapier (weapon)
Armour
 b - a +0 scale mail (worn)
 c - a +0 shield (worn)
Jewellery
 h - a +2 ring of protection (left hand)
Wands
 g - a wand of polymorph (7)
 k - a wand of random effects (27)
Scrolls
 d - a scroll of identify
 e - a scroll of remove curse
 i - a scroll of amnesia
 j - a scroll of immolation


   Skills:
 + Level 4.7 Fighting
 + Level 4.4 Short Blades
 + Level 4.6 Armour
 + Level 2.3 Dodging
 + Level 1.1 Stealth
 + Level 4.7 Shields


You had 7 spell levels left.
You didn't know any spells.
Your spell library was empty.

Dungeon Overview and Level Annotations

Branches:
Dungeon (5/15)
 Temple: D:4-7

Altars:
Dithmenos
Beogh


Innate Abilities, Weirdness & Mutations

You do not eat or drink.
Your flesh is vulnerable to fire.
You are immune to poison.
Your flesh is cold resistant. (rC+)
You are immune to negative energy. (rN+++)
You are immune to unholy pain and torment.
You can survive without breathing.


Message History

The killer bee zombie barely misses you.
You barely miss the killer bee zombie.
The killer bee zombie is severely damaged.
The killer bee zombie barely misses you.
The mummy closely misses you.
You closely miss the killer bee zombie.
The killer bee zombie is severely damaged.
The killer bee zombie hits you.
* * * LOW HITPOINT WARNING * * *
You block the killer bee zombie's attack.
You hit the killer bee zombie.
The killer bee zombie is severely damaged.
The killer bee zombie barely misses you.
The killer bee zombie hits you but does no damage.
The mummy hits you.
* * * LOW HITPOINT WARNING * * *
You closely miss the killer bee zombie.
The killer bee zombie is severely damaged.
The killer bee zombie hits you.
You die...

#####≈#≈≈≈#≈#
#...#≈≈P#≈≈
#.∩.'≈M#≈#≈#
#∩..#≈..≈≈#
#####≈###≈#
+≈+ # #####≈#
#?!?#.+
#?!@ZM#
#?!M#.+
#####.# ..+
#+#


You could see 2 mummies and a killer bee zombie.

Vanquished Creatures
  Pikel (D:4)
  A phantom (D:2)
  A big kobold (Sewer)
  A wyvern zombie (Ossuary)
  2 orc wizards (D:4)
  2 orc priests (D:4)
  3 worker ants (D:4)
  2 hound zombies (Ossuary)
  4 mummies
  13 adders
  2 river rats (Sewer)
  An ooze (D:2)
  5 worms
  A dart slug (D:1)
  2 leopard geckos
  6 orcs
  7 giant cockroaches
  10 goblins
  9 hobgoblins
  4 jackals (D:4)
  A quokka (D:4)
  4 ball pythons
  10 bats
  5 frilled lizards
  A goblin zombie (D:5)
  8 kobolds
  A quokka skeleton (D:4)
  A quokka zombie (Ossuary)
  21 rats
129 creatures vanquished.

Vanquished Creatures (others)
  A withered plant (Ossuary)
1 creature vanquished.

Grand Total: 130 creatures vanquished

Notes
Turn   | Place    | Note
-------+----------+-------------------------------------------
     0 | D:1      | Felnil the Mummy Fighter began the quest for the Orb.
     0 | D:1      | Reached XP level 1. HP: 18/18 MP: 1/1
   119 | D:1      | Reached XP level 2. HP: 18/24 MP: 2/2
   732 | D:2      | Reached XP level 3. HP: 29/29 MP: 3/3
   975 | D:2      | Reached XP level 4. HP: 30/35 MP: 4/4
  1460 | D:2      | Noticed a phantom
  1800 | D:2      | Killed a phantom
  1800 | D:2      | Reached XP level 5. HP: 29/41 MP: 5/5
  3293 | D:4      | Reached XP level 6. HP: 46/48 MP: 6/6
  3589 | D:4      | Noticed Pikel
  3589 | D:4      | Noticed a slave
  3589 | D:4      | Noticed a slave
  3589 | D:4      | Noticed a slave
  3589 | D:4      | Noticed a slave
  4092 | D:4      | Reached skill level 1 in Dodging
  4255 | D:4      | Found a shadowy altar of Dithmenos.
  4755 | D:4      | Killed Pikel
  4755 | D:4      | Reached XP level 7. HP: 11/54 MP: 7/7
  5057 | D:4      | Found a roughly hewn altar of Beogh.
  5071 | D:4      | Reached skill level 1 in Stealth
  5223 | D:5      | Entered Level 5 of the Dungeon
  5237 | D:5      | Found a glowing drain.
  5300 | Sewer    | Entered a sewer
  5454 | Sewer    | Reached XP level 8. HP: 61/61 MP: 8/8
  5742 | D:5      | Found a sand-covered staircase.
  5750 | Ossuary  | Entered an ossuary
  5894 | Ossuary  | HP: 1/61 [mummy (6)]
  5895 | Ossuary  | Slain by a killer bee zombie

Skill      XL: |  1  2  3  4  5  6  7 |
---------------+----------------------+-----
Short Blades   | 2 3 4 |  4.4
Armour         | 3 4 |  4.6
Shields        | 3 4 |  4.7
Dodging        | 1 2 |  2.3
Fighting       | 4 |  4.7
Stealth        | 1 |  1.1

Action                   |  1- 3 |  4- 6 |  7- 9 || total
-------------------------+-------+-------+-------++-------
Melee: Rapier            |   123 |   342 |   205 ||   670
Evoke: Wand              |       |       |     1 ||     1
  Use: Scroll            |       |     3 |     8 ||    11
Armor: Scale mail        |    47 |   175 |    66 ||   288
Dodge: Dodged            |    38 |   100 |    57 ||   195
Block: Shield            |    53 |   226 |   129 ||   408
